 Dungeon Crawl Stone Soup version 0.26.0-45-g9c1d065592 (webtiles) character file.

Game seed: 16439939628728544129

122 Mrcawl the Cudgeller (level 5, -31/28 HPs)
             Began as a Vine Stalker Fighter on Jan 31, 2021.
             Was a Follower of Makhleb.
             Killed by an exploding a hobgoblin (42 damage)
             ... exploding inner flame
             ... on level 3 of the Dungeon.
             The game lasted 00:05:17 (1783 turns).

Mrcawl the Cudgeller (Vine Stalker Fighter)         Turns: 1783, Time: 00:05:19

Health: -31/28     AC:  6    Str: 18    XL:     5   Next: 6%
Magic:  0/6        EV:  7    Int:  8    God:    Makhleb [*.....]
Gold:   17         SH:  9    Dex: 15    Spells: 4/4 levels left

rFire    . . .     SeeInvis .   a - +0 flail
rCold    . . .     Faith    .   c - +0 kite shield
rNeg     . . .     Spirit   +   b - +0 scale mail
rPois    .         Reflect  .   (no helmet)
rElec    .         Harm     .   (no cloak)
rCorr    .         Rampage  .   (no gloves)
Will     .....                  (no boots)
Stlth    ..........             (no amulet)
HPRegen  0.49/turn              (no ring)
MPRegen  0.10/turn              (no ring)

@: no status effects
A: fangs 2, regeneration 1, magic shield, antimagic bite, no potion heal 3
a: Renounce Religion


You were on level 3 of the Dungeon.
You worshipped Makhleb.
Makhleb was aware of your devotion.
You visited 1 branch of the dungeon, and saw 3 of its levels.

You collected 17 gold pieces.

Inventory:

Hand Weapons
 a - a +0 flail (weapon)
Armour
 b - a +0 scale mail (worn)
 c - a +0 kite shield (worn)
Scrolls
 f - 2 scrolls of identify
 h - a scroll of fog {unknown}
 k - 2 scrolls of teleportation {unknown}
Potions
 d - a potion of might
 e - a potion of berserk rage {unknown}
 i - 2 potions of mutation
 j - a potion of curing {unknown}
 l - a potion of brilliance {unknown}


   Skills:
 + Level 3.5 Fighting
 * Level 4.0 Maces & Flails
 - Level 2.4 Armour
 - Level 2.6 Shields


You had 4 spell levels left.
You didn't know any spells.
Your spell library contained the following spells:

 Spells                   Type           Power        Failure   Level
 Sting                    Tmut/Pois      0%           100%        1


Dungeon Overview and Level Annotations

Branches:
Dungeon (3/15)

Altars:
Hepliaklqana
Kikubaaqudgha
Makhleb
Sif Muna
Vehumet


Innate Abilities, Weirdness & Mutations

You have extremely sharp teeth.
Your natural rate of healing is unusually fast.
When hurt, damage is shared between your health and your magic reserves.
Your bite disrupts and absorbs the magic of your enemies.
Potions cannot restore your health.


Message History

You have reached level 5!
You open the door.
A hobgoblin comes into view.
The gnoll hits you from afar with a +0 halberd.
The gnoll hits you from afar with a +0 spear.
The hobgoblin shouts!
The rat twitches its whiskers.
There is an open door here.
As you read the scroll labelled LEPUOCWUGOI, it crumbles to dust.
The creatures around you are filled with an inner flame!
It was a scroll of immolation.
The hobgoblin hits you.
You hit the hobgoblin. Makhleb accepts your kill.
The hobgoblin explodes!
The fiery explosion engulfs the gnoll!!
Makhleb accepts your kill. The fiery explosion engulfs you!!!
Ouch! That really hurt!
You die...

#.........g.# #.########
#..$.l#####.# #.........
#.....##....########....
#<..g.#.....+...........
#.....#.....##.#####....
#.....#....##)..## #....
#.....#..†##.....###....
###'#####...#.......##....
###....g###@......_.........
......$.gl§§§..#.......#.....
.........r###...##.....#######
.................##...##
..................##l##
...........##..(......#
...........'............
..........##........ .##
...#.....# ....... .#


You could see a gnoll (inner flame), a frilled lizard (inner flame) and a rat
(inner flame).

Vanquished Creatures
  Terence (D:2)
  3 gnolls
  An adder (D:2)
  2 worms (D:2)
  4 dart slugs (D:1)
  4 leopard geckos (D:1)
  2 ball pythons (D:3)
  2 giant cockroaches
  6 hobgoblins
  4 quokkas
  2 bats (D:1)
  4 frilled lizards (D:1)
  10 goblins
  3 kobolds
  5 rats
53 creatures vanquished.

Notes
Turn   | Place    | Note
-------+----------+-------------------------------------------
     0 | D:1      | Mrcawl the Vine Stalker Fighter began the quest for the
                  | Orb.
     0 | D:1      | Reached XP level 1. HP: 11/11 MP: 2/2
    32 | D:1      | Reached skill level 2 in Maces & Flails
    84 | D:1      | Reached XP level 2. HP: 15/16 MP: 3/3
   334 | D:1      | Reached XP level 3. HP: 15/20 MP: 2/4
   663 | D:1      | Reached skill level 3 in Maces & Flails
   999 | D:2      | Noticed Terence
  1009 | D:2      | Killed Terence
  1010 | D:2      | Gained mutation: Your natural rate of healing is unusually
                  | fast. [Vine Stalker growth]
  1010 | D:2      | Reached XP level 4. HP: 23/24 MP: 5/5
  1264 | D:2      | Found a faded altar of an unknown god.
  1296 | D:2      | Became a worshipper of Makhleb the Destroyer
  1296 | D:2      | Reached * piety under Makhleb
  1563 | D:2      | Found an ancient bone altar of Kikubaaqudgha.
  1567 | D:2      | Found a shimmering blue altar of Sif Muna.
  1569 | D:2      | Found a radiant altar of Vehumet.
  1576 | D:2      | Identified Sif Muna's Collected Works on Transmigration
  1698 | D:3      | Found a hazy altar of Hepliaklqana.
  1748 | D:3      | HP: 1/24 [gnoll/+0 halberd (12)]
  1779 | D:3      | Reached skill level 4 in Maces & Flails
  1779 | D:3      | Reached XP level 5. HP: 12/28 MP: 2/6
  1783 | D:3      | Killed by an exploding a hobgoblin... exploding inner flame

Illustrated notes

Levels and vault maps discovered:
D:1:      giann_bridges, layout_basic, amethyst_killhole,
          chequers_serial_rivers_micro_b
D:2:      layout_loops_ring, grunt_temple_overflow_magic_moments,
          chequers_ecumenical_altar_island, uniq_terence
D:3:      layout_basic, overflow_temple_1_default, lemuel_round_altar,
          uniq_grinder, uniq_jessica

Skill      XL: |  1  2  3  4 |
---------------+-------------+-----
Maces & Flails | 2 3 4 |  4.0
Fighting       | 3 |  3.5
Armour         | |  2.4
Shields        | |  2.6

Action                   |  1- 3 |  4- 6 || total
-------------------------+-------+-------++-------
Melee: Flail             |    90 |    66 ||   156
       Bite              |    18 |    23 ||    41
  Use: Scroll            |       |     2 ||     2
Armor: Scale mail        |    44 |    29 ||    73
Dodge: Dodged            |    31 |    24 ||    55
Block: Kite shield       |    36 |    27 ||    63
